 Dungeon Crawl Stone Soup version 0.23.2-11-gf996548c65 (webtiles) character file.

Game seed: 18134944302235368829

88 MalarOregon the Ruffian (level 4, 0/37 HPs)
             Began as a Ghoul Warper on June 4, 2019.
             Slain by a jackal (2 damage)
             ... on level 3 of the Dungeon on June 5, 2019.
             The game lasted 00:05:04 (2419 turns).

MalarOregon the Ruffian (Ghoul Warper)              Turns: 2419, Time: 00:05:05

Health: 0/37       AC:  4    Str: 14    XL:     4   Next: 54%
Magic:  5/5        EV:  9    Int:  9    God:
Gold:   111        SH:  8    Dex:  8    Spells: 6/6 levels left

rFire    . . .     SeeInvis .     - Unarmed
rCold    + . .     Gourm    .   p - +2 shield
rNeg     + + +     Faith    .   a - +0 leather armour
rPois    ∞         Spirit   .   (no helmet)
rElec    .         Reflect  .   (no cloak)
rCorr    .         Harm     .   g - +0 pair of gloves
MR       .....                  (no boots)
Stlth    +.........             (no amulet)
HPRegen  0.00/turn              (no ring)
MPRegen  0.09/turn              (no ring)

@: rotting
A: rotting body, claws 1, carnivore, cold resistance 1, negative energy
resistance 3, inhibited regeneration, torment resistance, unbreathing
a: no special abilities


You were on level 3 of the Dungeon.
You were not hungry.

You visited 1 branch of the dungeon, and saw 3 of its levels.

You collected 111 gold pieces.

Inventory:

Hand Weapons
 n - a +0 blowgun
   (You took it off a kobold on level 3 of the Dungeon)
 r - a +2 whip of pain
   (You took it off a goblin on level 3 of the Dungeon)
Missiles
 d - 5 tomahawks of dispersal (quivered) {!f}
Armour
 a - a +0 leather armour (worn)
 g - a +0 pair of gloves (worn)
   (You found it on level 1 of the Dungeon)
 p - a +2 shield (worn)
   (You found it on level 2 of the Dungeon)
Jewellery
 j - an uncursed amulet of regeneration {unknown}
   (You found it on level 1 of the Dungeon)
Scrolls
 c - 4 scrolls of blinking
 f - 3 scrolls of identify {unknown}
 h - a scroll of immolation {unknown}
 l - 2 scrolls of enchant weapon {unknown}
Potions
 b - a potion of magic {unknown}
 i - a potion of heal wounds {unknown}
 k - 2 potions of berserk rage {unknown}
 m - a potion of brilliance {unknown}
 o - a potion of degeneration {unknown}
 q - a potion of might {unknown}
Comestibles
 e - 3 rations {!d}
 s - 7 chunks of flesh


   Skills:
 + Level 2.8 Fighting
 * Level 0.0 Maces & Flails
 - Level 0.8 Throwing
 + Level 1.8 Armour
 + Level 2.2 Dodging
 + Level 1.6 Stealth
 + Level 0.3 Shields
 - Level 3.2 Unarmed Combat
 - Level 1.7 Spellcasting
   Level 2.6 Translocations


You had 6 spell levels left.
You didn't know any spells.
Your spell library contained the following spells:

 Spells                   Type           Power        Failure   Level  Hunger
 Blink                    Tloc           N/A          82%         2    ###....
 Shroud of Golubria       Chrm/Tloc      #.........   94%         2    ###....
 Gell's Gravitas          Tloc           #.........   96%         3    ####...
 Lesser Beckoning         Tloc           #.........   96%         3    ####...
 Teleport Other           Tloc           #.......     96%         3    ####...
 Passage of Golubria      Tloc           N/A          100%        4    #####..


Dungeon Overview and Level Annotations

Branches:
Dungeon (3/15)

Altars:
Ru


Innate Abilities, Weirdness & Mutations

Your body is rotting away.
You thrive on raw meat.
You are immune to poison.
You have sharp fingernails.
You are carnivorous and can eat meat at any time.
Your flesh is cold resistant. (rC+)
You are immune to negative energy. (rN+++)
You do not regenerate when monsters are visible.
You are immune to unholy pain and torment.
You can survive without breathing.


Message History

You hit the kobold.
The kobold unwields a +0 blowgun.
The kobold hits you but does no damage.
You closely miss the kobold. The kobold barely misses you.
You hit the kobold. You block the kobold's attack.
You hit the kobold.
You kill the kobold!
Items here: )) ††† a +0 blowgun; a +2 whip of pain; a rat corpse; a hobgoblin corpse an adder corpse
n - a +0 blowgun;
r - a +2 whip of pain Wield which item (- for none, * to show all)? (? for menu, Esc to quit)
Okay, then.
Setting a skill training target for Maces & Flails at 12.0.
Wield which item (- for none, * to show all)? (? for menu, Esc to quit)
You have a feeling of ineptitude.
r - a +2 whip of pain (weapon)
Okay, then.
You butcher the rat corpse.
s - a chunk of flesh You butcher the hobgoblin corpse.
s - 5 chunks of flesh (gained 4)
You butcher the adder corpse.
s - 7 chunks of flesh (gained 2)
Things that are here:
a rat skeleton; a hobgoblin skeleton; an adder skeleton
Things that are here:
a rat skeleton; a hobgoblin skeleton; an adder skeleton You start resting.
A jackal comes into view.
Wield which item (- for none, * to show all)? (? for menu, Esc to quit)
You are now empty-handed.
The jackal barks!
Your leather armour prevents you from hitting the jackal.
The jackal bites you but does no damage.
You hit the jackal.
The jackal bites you but does no damage.
You hit the jackal but do no damage. The jackal barely misses you.
The jackal bites you.
* * * LOW HITPOINT WARNING * * *
You closely miss the jackal. The jackal bites you.
* * * LOW HITPOINT WARNING * * *
The jackal bites you but does no damage.
You closely miss the jackal. The jackal bites you.
* * * LOW HITPOINT WARNING * * *
You barely miss the jackal. You block the jackal's attack.
The jackal bites you but does no damage.
You closely miss the jackal. The jackal bites you.
* * * LOW HITPOINT WARNING * * *
You completely miss the jackal. The jackal bites you.
You die...

.........#.#
.........#.#
♣♣.......#<#
♣.......#.#
.........#.#
.........#.#
........#.# .....
#.# .# ......#@#
#.# ......#h### #.#
..........# #.#
..........#
#.#######
######....#
#..#....#
#....######...#..#.
+..................
#.....(g..(........
#..................


You could see a jackal.

Vanquished Creatures
  2 adders (D:3)
  4 worms
  A dart slug (D:2)
  A leopard gecko (D:1)
  An orc (D:2)
  3 giant cockroaches
  8 goblins
  6 hobgoblins
  6 jackals
  7 kobolds
  A bat (D:1)
  4 frilled lizards
  8 rats
52 creatures vanquished.

Notes
Turn   | Place    | Note
-------+----------+-------------------------------------------
     0 | D:1      | MalarOregon the Ghoul Warper began the quest for the Orb.
     0 | D:1      | Reached XP level 1. HP: 17/17 MP: 2/2
    49 | D:1      | Reached skill level 1 in Armour
    79 | D:1      | Reached XP level 2. HP: 18/24 MP: 3/3
   326 | D:1      | Reached skill level 1 in Stealth
   357 | D:1      | Reached XP level 3. HP: 20/30 MP: 4/4
  1082 | D:2      | Reached skill level 3 in Unarmed Combat
  1685 | D:2      | Reached XP level 4. HP: 31/37 MP: 5/5
  1836 | D:2      | Found a sacrificial altar of Ru.
  2419 | D:3      | Slain by a jackal

Skill      XL: |  1  2  3 |
---------------+----------+-----
Armour         | 1 |  1.8
Dodging        | 2 |  2.2
Stealth        | 1 |  1.6
Unarmed Combat | 3 |  3.2
Fighting       | |  2.8
Throwing       | |  0.8
Shields        | |  0.3
Spellcasting   | |  1.7
Translocations | |  2.6

Action                   |  1- 3 |  4- 6 || total
-------------------------+-------+-------++-------
Melee: Unarmed           |   179 |   102 ||   281
 Stab: Sleeping          |     1 |       ||     1
  Eat: Chunk             |    14 |     2 ||    16
Armor: Leather armour    |    28 |    30 ||    58
Dodge: Dodged            |    78 |    47 ||   125
Block: Shield            |    28 |    44 ||    72
